 Dungeon Crawl Stone Soup version 0.32-a0-411-g744942f433 (webtiles) character file.

Game seed: 4297098519932623319

36011 eruonna the Carver (level 13, -1/106 HPs)
             Began as a Gnoll Chaos Knight on Feb 21, 2024.
             Was a High Priest of Okawaru.
             Slain by a lindwurm (10 damage)
             ... on level 13 of the Dungeon.
             The game lasted 01:28:03 (15277 turns).

eruonna the Carver (Gnoll Chaos Knight)            Turns: 15277, Time: 01:28:04

Health: -1/106     AC: 19    Str: 22    XL:     13   Next: 87%
Magic:  23/23      EV:  8    Int: 12    God:    Okawaru [*****.]
Gold:   909        SH:  5    Dex: 20    Spells: 30/30 levels left

rFire   + + .        a - +7 glaive of Arrival {speed, Dex+4}
rCold   + . .        (shield currently unavailable)
rNeg    . . .        N - +1 gold dragon scales
rPois   +            (helmet restricted)
rElec   +            V - +0 cloak of Fibbu {Regen+ rCorr}
rCorr   +            (no gloves)
SInv    .            (no boots)
Will    .....        o - amulet of reflection Stlth
                     l - +6 ring of strength
HPRegen 1.17/turn    H - ring of flight
MPRegen 0.18/turn

%: reflection, clarity
@: resistant, flying
A: fangs 1, strong nose, distributed training, antennae 1, talons 1, thin
skeletal structure 2, clarity, low MP 1, cold vulnerability 1, MP-powered wands,
noise suppression
a: Renounce Religion, Heroism, Finesse, Duel


You were on level 13 of the Dungeon.
You worshipped Okawaru.
Okawaru was extremely pleased with you.
You visited 1 branch of the dungeon, and saw 13 of its levels.
You also visited: Ossuary and Gauntlet.

You collected 1554 gold pieces.
You spent 645 gold pieces at shops.

Inventory:

Hand Weapons
 a - the +7 glaive of Arrival (weapon) {speed, Dex+4}
   (You bought it in a shop on level 11 of the Dungeon)

   Dex+4:     It affects your dexterity (+4).
 b - the +7 orcbow "Pacvuyfe" {drain, rElec rF+ rC+ Will-}
   (You found it on level 7 of the Dungeon)

   rF+:       It protects you from fire.
   rC+:       It protects you from cold.
   rElec:     It insulates you from electricity.
   Will-:     It decreases your willpower.
 j - the +11 spear of Akhloj {flame, *Rage +Blink rElec rC+}
   (You found it on level 2 of the Dungeon)

   rC+:       It protects you from cold.
   rElec:     It insulates you from electricity.
   +Blink:    It lets you blink.
   *Rage:     It berserks you when you make melee attacks (+20% chance).
 M - a +5 great sword of freezing
 U - a +3 morningstar of pain
Missiles
 f - 4 datura-tipped darts
 i - 8 javelins
 v - 19 boomerangs
 w - 26 poisoned darts (quivered)
 X - 2 silver javelins
Armour
 d - a scarf of harm
 h - a +0 chain mail
 E - a +0 pair of boots
 F - a +2 plate armour
 N - +1 gold dragon scales (worn)
 V - the +0 cloak of Fibbu (worn) {Regen+ rCorr}
   (You found it in a Gauntlet)

   Regen+:    It increases your rate of health regeneration.
   rCorr:     It protects you from acid and corrosion.
Jewellery
 l - a +6 ring of strength (left hand)
 m - an amulet of magic regeneration
 o - an amulet of reflection (around neck)
 B - a +4 ring of protection
 H - a ring of flight (right hand)
 P - a ring of see invisible
 W - an amulet of guardian spirit
Talismans
 k - a beast talisman
 q - a blade talisman
Wands
 g - a wand of mindburst (6)
 p - a wand of flame (39)
 u - a wand of light (12)
 O - a wand of roots (20)
 Q - a wand of digging (9)
Scrolls
 c - 6 scrolls of identify
 e - 3 scrolls of revelation
 t - 4 scrolls of immolation
 y - 7 scrolls of teleportation
 I - 2 scrolls of fear
 K - 5 scrolls of vulnerability
 Y - a scroll of silence {unknown}
 Z - a scroll of blinking
Potions
 r - 6 potions of haste
 x - 6 potions of curing
 z - a potion of brilliance
 A - 2 potions of invisibility
 C - 2 potions of mutation
 D - a potion of berserk rage
 G - 2 potions of attraction
 J - 4 potions of lignification {unknown}
 L - 4 potions of cancellation
 R - a potion of magic
 S - 5 potions of might
 T - a potion of enlightenment


   Skills:
 + Level 11.1 Fighting
 + Level 9.0 Short Blades
 + Level 11.1 Long Blades
 + Level 9.0 Axes
 + Level 9.0 Maces & Flails
 + Level 9.0 Polearms
 + Level 9.0 Staves
 + Level 9.0 Ranged Weapons
 + Level 9.0 Throwing
 + Level 10.1 Armour
 + Level 9.4 Dodging
 + Level 9.0 Stealth
 + Level 9.0 Shields
 + Level 9.0 Unarmed Combat
 + Level 9.0 Spellcasting
 + Level 7.5 Conjurations
 + Level 7.5 Hexes
 + Level 7.5 Summonings
 + Level 7.5 Necromancy
 + Level 7.5 Translocations
 + Level 7.5 Fire Magic
 + Level 7.5 Ice Magic
 + Level 7.5 Air Magic
 + Level 7.5 Earth Magic
 + Level 7.5 Alchemy
 + Level 9.8 Invocations
 + Level 9.0 Evocations
 + Level 8.2 Shapeshifting


You had 30 spell levels left.
You didn't know any spells.
Your spell library contained the following spells:

 Spells                   Type           Power      Damage    Failure   Level
 Kiss of Death            Conj/Necr      92%        2d12      38%         1
 Sting                    Conj/Alch      92%        1d8       38%         1
 Mercury Vapours          Alch/Air       46%        N/A       54%         2
 Confusing Touch          Hex            23%        N/A       77%         3
 Frozen Ramparts          Ice            46%        1d7       77%         3
 Dispel Undead            Necr           23%        3d12      99%         4
 Leda's Liquefaction      Alch/Erth      11%        N/A       99%         4
 Olgreb's Toxic Radiance  Alch           23%        N/A       99%         4
 Petrify                  Alch/Erth      23%        N/A       99%         4
 Metabolic Englaciation   Hex/Ice        11%        N/A       100%        5


Dungeon Overview and Level Annotations

Branches:
Dungeon (13/15)            Temple (0/1) D:7            Lair (0/5) D:11
    Orc (0/2) D:11         Vaults (0/5) D:13        Ossuary (visited)
Gauntlet (visited)

Altars:
Gozag
Okawaru
Vehumet
Wu Jian
Yredelemnul
The Shining One
Beogh

Shops:
D:1 !   D:7 (   D:8 !   D:11 (

Annotations:
D:5 1 runed translucent door, Crazy Yiuf
D:6 3 runed translucent doors, CowFu's ghost, novice MDFi
D:7 1 transporter, DeathSocks's ghost, novice MDMo


Innate Abilities, Weirdness & Mutations

You have very sharp teeth.
Your uncanny sense of smell can sniff out nearby items.
Your experience applies equally to all skills.
You have a pair of small antennae on your head.
You have sharp toenails.
You have a moderately thin skeletal structure. (Dex +4, Stealth++)
You possess an exceptional clarity of mind.
Your magical capacity is low. (-10% MP)
You are vulnerable to cold. (rC-)
You expend magic power (3 MP) to strengthen your wands.
You passively dampen the noise of your surroundings.


Message History

You slash the lindwurm!
You claw the lindwurm, but do no damage.
The lindwurm is almost dead.
The lindwurm bites you. The lindwurm claws you. The lindwurm claws you!
The lindwurm bites you!
* * * LOW HITPOINT WARNING * * *
The lindwurm claws you but does no damage. x2
You slice the lindwurm!!
You kill the lindwurm!
Okawaru accepts your kill. The lindwurm breathes flames at you.
The blast of flame hits you!! You resist.
* * * LOW HITPOINT WARNING * * *
You hit the lindwurm but do no damage.
You claw the lindwurm, but do no damage.
The lindwurm bites you but does no damage.
The lindwurm claws you but does no damage.
The lindwurm claws you.
* * * LOW HITPOINT WARNING * * *
You feel protected. The lindwurm breathes flames at you.
The blast of flame hits you. You resist.
* * * LOW HITPOINT WARNING * * *
You slash the lindwurm! You claw the lindwurm.
The lindwurm is heavily wounded.
You block the lindwurm's attack.
The lindwurm claws you but does no damage. x2
You slice the lindwurm!!
You claw the lindwurm, but do no damage.
You bite the lindwurm, but do no damage.
The lindwurm is almost dead.
The lindwurm bites you but does no damage.
The lindwurm claws you but does no damage.
The lindwurm closely misses you.
You barely miss the lindwurm.
You claw the lindwurm, but do no damage.
You bite the lindwurm, but do no damage.
The lindwurm is severely wounded.
The lindwurm bites you!
You die...

..##..#.......#.#..####.#####.##.
#.#........§..§............##.##.
#.#.....≈..≈§§§.....###.##....##.
#.#....≈≈≈≈≈§≈≈≈....)##.#########
#.....≈≈≈≈≈≈§§§§≈≈...............
#....≈≈§≈§≈≈≈≈≈§§§≈.....########.
#..≈≈≈≈§§§§§≈≈§§≈≈≈≈....# #.
#...§≈§≈≈≈....≈≈≈≈≈≈....# #.
..≈§§§§§...##...@≈≈≈≈§..# #.
#..≈≈§§§..# ##.k≈≈≈≈≈..## #.
..≈≈≈§≈..#.$$.#.§≈§§≈≈..# #.
..≈≈§≈≈.##$")$##.≈§§§≈..# #.
..≈≈≈≈≈.##")>∆ #.≈§≈§≈..# #.
..≈≈≈≈≈..#.∆∆ ..≈≈≈≈≈..# #.
#..≈§≈≈≈..## ..≈§≈≈≈..## ##
#§§≈§≈≈≈...# .§≈≈≈≈≈..# ##
...§≈≈≈≈≈≈..§.≈≈§≈§≈≈..## ##.


You could see a lindwurm (catching breath).

Vanquished Creatures
  A minotaur (Gauntlet)
  8 vault guards (D:13)
  4 centaur warriors (D:13)
  Erolcha (D:9)
  4 two-headed ogres
  Amaemon (D:10)
  Pikel (D:9)
  A deep elf pyromancer (D:12)
  2 ugly things
  3 lindwurms (D:13)
  A necromancer (Gauntlet)
  A manticore (D:13)
  2 lightning spires (Gauntlet)
  5 cyclopes
  A meliai (D:12)
  5 centaur zombies
  An orange demon (D:10)
  An eye of devastation (Gauntlet)
  An unseen horror (D:12)
  3 kobold demonologists
  3 trolls
  A hornet (D:9)
  A raiju (Gauntlet)
  9 slime creatures
  A shadow (D:11)
  A vampire (D:13)
  3 wyverns (D:8)
  2 golden eyes (Gauntlet)
  A wraith (D:9)
  21 yaks
  A vampire mosquito (D:8)
  Edmund (D:5)
  2 acid dragons
  Duvessa (D:7)
  5 water moccasins
  A swamp drake (D:11)
  8 orc warriors
  2 sky beasts
  An ice beast (D:8)
  6 ogres
  2 laughing skulls (D:13)
  4 wolves (Gauntlet)
  12 centaurs
  2 phantoms (D:5)
  A kobold brigand (D:9)
  8 bullfrogs
  2 scorpions
  12 wights
  Dowan (D:7)
  5 howler monkeys
  3 bombardier beetles
  4 gnoll boudas
  12 orc priests
  4 jellies
  Ijyb (D:3)
  6 hounds
  2 sleepcaps (D:4)
  Jessica (D:2)
  Terence (D:2)
  7 iguanas
  14 orc wizards
  A hound zombie (D:4)
  A hound skeleton (D:4)
  7 mummies (Ossuary)
  8 adders
  3 gnolls (D:4)
  4 white imps
  A howler monkey simulacrum (D:10)
  3 ufetubi
  An adder skeleton (D:4)
  An adder zombie (D:4)
  3 dart slugs
  72 orcs
  5 bats
  6 endoplasms
  3 giant cockroaches
  A gnoll zombie (Ossuary)
  5 goblins
  6 hobgoblins
  4 jackals (D:1)
  15 kobolds
  7 quokkas
  3 ball pythons
  2 frilled lizards (D:1)
  4 hobgoblin zombies (Ossuary)
  3 orc zombies (Ossuary)
  3 rats
394 creatures vanquished.

Vanquished Creatures (collateral kills)
  An ice beast (D:5)
  A mummy (Ossuary)
  A quokka (D:4)
3 creatures vanquished.

Vanquished Creatures (others)
  An orc wizard (D:5)
1 creature vanquished.

Grand Total: 398 creatures vanquished

Notes
Turn   | Place    | Note
-------+----------+-------------------------------------------
     0 | D:1      | eruonna the Gnoll Chaos Knight began the quest for the Orb.
     0 | D:1      | Reached XP level 1. HP: 23/23 MP: 1/1
    60 | D:1      | XOM: divination: detect items
   129 | D:1      | Reached XP level 2. HP: 29/29 MP: 2/2
   138 | D:1      | XOM: silly message
   180 | D:1      | Found Daep's Distillery.
   233 | D:1      | XOM: silly message
   244 | D:1      | XOM: smoke on damage
   251 | D:1      | Reached XP level 3. HP: 26/35 MP: 3/3
   259 | D:1      | XOM: 5-stop teleportation journey
   358 | D:1      | Reached skill level 1 in Invocations
   596 | D:2      | Reached skill level 1 in Short Blades
   596 | D:2      | Reached skill level 1 in Axes
   596 | D:2      | Reached skill level 1 in Maces & Flails
   596 | D:2      | Reached skill level 1 in Polearms
   596 | D:2      | Reached skill level 1 in Staves
   596 | D:2      | Reached skill level 1 in Ranged Weapons
   596 | D:2      | Reached skill level 1 in Throwing
   596 | D:2      | Reached skill level 1 in Stealth
   596 | D:2      | Reached skill level 1 in Shields
   596 | D:2      | Reached skill level 1 in Unarmed Combat
   596 | D:2      | Reached skill level 1 in Spellcasting
   596 | D:2      | Reached skill level 1 in Evocations
   607 | D:2      | Identified the +11 spear of Akhloj {flame, *Rage +Blink
                  | rElec rC+}
   618 | D:2      | Reached skill level 1 in Shapeshifting
   618 | D:2      | Reached XP level 4. HP: 41/41 MP: 5/5
   714 | D:2      | Noticed Jessica
   716 | D:2      | Killed Jessica
   717 | D:2      | Reached skill level 1 in Conjurations
   717 | D:2      | Reached skill level 1 in Hexes
   717 | D:2      | Reached skill level 1 in Summonings
   717 | D:2      | Reached skill level 1 in Necromancy
   717 | D:2      | Reached skill level 1 in Translocations
   717 | D:2      | Reached skill level 1 in Fire Magic
   717 | D:2      | Reached skill level 1 in Ice Magic
   717 | D:2      | Reached skill level 1 in Air Magic
   717 | D:2      | Reached skill level 1 in Earth Magic
   717 | D:2      | Reached skill level 1 in Alchemy
   718 | D:2      | XOM: 6-stop teleportation journey
   771 | D:2      | XOM: stat loss: -1 Dex (10/11)
   778 | D:2      | XOM: god gift: stone
   924 | D:2      | XOM: divination: magic mapping
   939 | D:2      | Noticed Terence
   943 | D:2      | Reached XP level 5. HP: 43/47 MP: 7/7
   946 | D:2      | Killed Terence
  1270 | D:3      | XOM: cleaving
  1355 | D:3      | XOM: silly message
  1356 | D:3      | Found a faded altar of an unknown god.
  1450 | D:3      | Noticed Ijyb
  1455 | D:3      | Killed Ijyb
  1589 | D:3      | Found a faded altar of an unknown god.
  1593 | D:3      | Found a glowing golden altar of the Shining One.
  1626 | D:3      | XOM: silly message
  1644 | D:3      | XOM: confuse monster(s)
  1655 | D:3      | Reached XP level 6. HP: 53/53 MP: 8/8
  1667 | D:3      | Reached skill level 5 in Armour
  1877 | D:3      | Found an ornate altar of the Wu Jian Council.
  1945 | D:3      | XOM: scenery: 1 doors close
  1946 | D:3      | Noticed Grinder
  1950 | D:3      | Grinder changed into Grinder the white imp
  1950 | D:3      | Noticed Grinder
  1950 | D:3      | XOM: polymorph Grinder -> Grinder the white imp
  1951 | D:3      | Killed Grinder the white imp
  2008 | D:3      | XOM: give mutations
  2008 | D:3      | Gained mutation: You expend magic power (3 MP) to
                  | strengthen your wands. [Xom's grace]
  2008 | D:3      | Gained mutation: Your spells are a little harder to cast,
                  | but a little more powerful. [Xom's grace]
  2029 | D:4      | XOM: stealth player
  2033 | D:4      | XOM: summons friendly quasit
  2087 | D:4      | XOM: cloud trail
  2190 | D:4      | Found a basalt altar of Yredelemnul.
  2325 | D:4      | Reached XP level 7. HP: 60/60 MP: 10/10
  2369 | D:4      | XOM: divination: detect items
  2391 | D:4      | XOM: silly message
  2439 | D:4      | XOM: scenery: 1 doors close
  2475 | D:4      | Found a sand-covered staircase.
  2484 | Ossuary  | Entered an ossuary
  2563 | Ossuary  | XOM: summons 7 friendly demons
  2945 | D:5      | Entered Level 5 of the Dungeon
  2966 | D:5      | XOM: fake destruction
  2992 | D:5      | XOM: summons 2 friendly demons
  2998 | D:5      | XOM: smoke on damage
  3002 | D:5      | Reached XP level 8. HP: 44/67 MP: 12/12
  3011 | D:5      | XOM: butterfly on damage
  3196 | D:5      | XOM: butterfly on damage
  3206 | D:5      | XOM: fog
  3542 | D:5      | Reached XP level 9. HP: 36/73 MP: 14/14
  3552 | D:5      | XOM: summons 4 hostile demons
  3779 | D:5      | XOM: 1-stop teleportation journey
  3894 | D:5      | XOM: summons 4 friendly demons
  3975 | D:5      | XOM: summons 1 hostile shadow creature
  3976 | D:5      | XOM: confuse monster(s)
  3980 | D:5      | Reached skill level 5 in Dodging
  4061 | D:5      | Found an opulent altar of Gozag.
  4063 | D:5      | Found an iron altar of Okawaru.
  4072 | D:5      | Fell from the grace of Xom
  4072 | D:5      | Became a worshipper of Warmaster Okawaru
  4128 | D:5      | Noticed Edmund
  4139 | D:5      | Killed Edmund
  4283 | D:5      | Found a radiant altar of Vehumet.
  4407 | D:5      | Found a runed translucent door.
  4408 | D:5      | Noticed Crazy Yiuf
  4415 | D:5      | Identified the +8 hammer of Day {venom, rN+++ Str-3 Int+7}
  4634 | D:6      | XOM: give mutation
  4634 | D:6      | Gained mutation: You are strong-willed. (Will+) [Xom's
                  | mischief]
  4785 | D:6      | Reached skill level 5 in Invocations
  4915 | D:6      | Reached * piety under Okawaru
  4969 | D:6      | Found a runed translucent gate.
  4970 | D:6      | Found a runed translucent gate.
  4971 | D:6      | Noticed CowFu's ghost (novice MDFi)
  4971 | D:6      | Found a runed translucent gate.
  4972 | D:6      | Noticed a kobold demonologist
  5359 | D:6      | XOM: give mutations
  5359 | D:6      | Gained mutation: Your body sometimes deteriorates upon
                  | taking damage. [Xom's mischief]
  5359 | D:6      | Gained mutation: Your magical capacity is low. (-10% MP)
                  | [Xom's mischief]
  6042 | D:7      | Identified the +7 orcbow "Pacvuyfe" {drain, rElec rF+ rC+
                  | Will-}
  6079 | D:7      | Reached skill level 5 in Short Blades
  6079 | D:7      | Reached skill level 5 in Axes
  6079 | D:7      | Reached skill level 5 in Maces & Flails
  6079 | D:7      | Reached skill level 5 in Polearms
  6079 | D:7      | Reached skill level 5 in Staves
  6079 | D:7      | Reached skill level 5 in Ranged Weapons
  6079 | D:7      | Reached skill level 5 in Throwing
  6079 | D:7      | Reached skill level 5 in Stealth
  6079 | D:7      | Reached skill level 5 in Shields
  6079 | D:7      | Reached skill level 5 in Unarmed Combat
  6079 | D:7      | Reached skill level 5 in Spellcasting
  6079 | D:7      | Reached skill level 5 in Evocations
  6158 | D:7      | Noticed Dowan
  6166 | D:7      | Killed Dowan
  6167 | D:7      | Reached XP level 10. HP: 81/81 MP: 15/15
  6169 | D:7      | Noticed Duvessa
  6183 | D:7      | Killed Duvessa
  6256 | D:7      | XOM: summons 2 hostile shadow creatures
  6307 | D:7      | Reached ** piety under Okawaru
  6431 | D:7      | XOM: give mutations
  6431 | D:7      | Gained mutation: Your magical capacity is very low. (-20%
                  | MP) [Xom's mischief]
  6431 | D:7      | Lost mutation: Your spells are a little harder to cast, but
                  | a little more powerful. [Xom's mischief]
  6431 | D:7      | Gained mutation: Your skin changes colour to match your
                  | surroundings (Stealth+). [Xom's mischief]
  6431 | D:7      | Lost mutation: You expend magic power (3 MP) to strengthen
                  | your wands. [Xom's mischief]
  6439 | D:7      | XOM: give mutation
  6439 | D:7      | Gained mutation: You are vulnerable to cold. (rC-) [Xom's
                  | mischief]
  6474 | D:7      | Found a transporter.
  6475 | D:7      | Noticed DeathSocks's ghost (novice MDMo)
  6475 | D:7      | Identified the +6 great mace of Otegemm {vamp, Str+3 Int+4}
  6505 | D:7      | XOM: summons 2 hostile demons
  6629 | D:7      | Found a staircase to the Ecumenical Temple.
  6829 | D:7      | Found Alenan's Weapon Shoppe.
  6970 | D:8      | XOM: give mutations
  6970 | D:8      | Gained mutation: You are partially covered in large bone
                  | plates. (SH +4) [Xom's mischief]
  6970 | D:8      | Gained mutation: You passively dampen the noise of your
                  | surroundings. [Xom's mischief]
  6970 | D:8      | Gained mutation: You are partially covered in iridescent
                  | scales. (AC +2) [Xom's mischief]
  7074 | D:8      | Reached skill level 5 in Shapeshifting
  7365 | D:8      | Reached *** piety under Okawaru
  7697 | D:8      | Found a roughly hewn altar of Beogh.
  7835 | D:8      | Found Dapuf's Distillery.
  8031 | D:8      | Bought a potion of might for 52 gold pieces
  8031 | D:8      | Bought a potion of might for 52 gold pieces
  8031 | D:8      | Bought a potion of mutation for 104 gold pieces
  8235 | D:8      | Reached **** piety under Okawaru
  8512 | D:9      | Reached skill level 5 in Conjurations
  8512 | D:9      | Reached skill level 5 in Hexes
  8512 | D:9      | Reached skill level 5 in Summonings
  8512 | D:9      | Reached skill level 5 in Necromancy
  8512 | D:9      | Reached skill level 5 in Translocations
  8512 | D:9      | Reached skill level 5 in Fire Magic
  8512 | D:9      | Reached skill level 5 in Ice Magic
  8512 | D:9      | Reached skill level 5 in Air Magic
  8512 | D:9      | Reached skill level 5 in Earth Magic
  8512 | D:9      | Reached skill level 5 in Alchemy
  8512 | D:9      | Reached XP level 11. HP: 69/89 MP: 16/16
  8679 | D:9      | Noticed a cyclops
  8687 | D:9      | Killed a cyclops
  8808 | D:9      | Reached ***** piety under Okawaru
  8912 | D:9      | Noticed Pikel
  8921 | D:9      | Killed Pikel
  9161 | D:9      | Noticed Erolcha
  9174 | D:9      | You fall into a shaft and drop 1 floor!
  9174 | D:10     | Entered Level 10 of the Dungeon
  9245 | D:9      | Killed Erolcha
  9587 | D:9      | Lost mutation: You are partially covered in iridescent
                  | scales. (AC +2) [potion of mutation]
  9587 | D:9      | Lost mutation: Your skin changes colour to match your
                  | surroundings (Stealth+). [potion of mutation]
  9587 | D:9      | Gained mutation: You are agile. (Dex +4, Str/Int -1)
                  | [potion of mutation]
  9587 | D:9      | Gained mutation: You have a pair of small antennae on your
                  | head. [potion of mutation]
  9713 | D:10     | XOM: 4-stop teleportation journey
  9867 | D:10     | Received a gift from Okawaru
  9907 | D:10     | XOM: give mutations
  9907 | D:10     | Lost mutation: Your body sometimes deteriorates upon taking
                  | damage. [Xom's mischief]
  9907 | D:10     | Lost mutation: Your magical capacity is very low. (-20% MP)
                  | [Xom's mischief]
  9907 | D:10     | Gained mutation: Your skin changes colour to match your
                  | surroundings (Stealth+). [Xom's mischief]
  9907 | D:10     | Gained mutation: Potions are less effective at restoring
                  | your health. [Xom's mischief]
  9919 | D:10     | XOM: give mutation
  9919 | D:10     | Gained mutation: You have a somewhat thin skeletal
                  | structure. (Dex +2, Stealth+) [Xom's mischief]
  9961 | D:10     | Noticed Amaemon
  9975 | D:10     | Reached XP level 12. HP: 97/97 MP: 20/20
 10458 | D:10     | Killed Amaemon
 11008 | D:11     | Found a staircase to the Orcish Mines.
 11107 | D:11     | Reached skill level 10 in Fighting
 11107 | D:11     | Reached skill level 10 in Long Blades
 11165 | D:11     | XOM: confusion (+ monsters)
 11192 | D:11     | Found a basalt altar of Yredelemnul.
 11400 | D:11     | Found a staircase to the Lair.
 11458 | D:11     | XOM: cloud trail
 11508 | D:11     | XOM: give mutations
 11508 | D:11     | Lost mutation: You are partially covered in large bone
                  | plates. (SH +4) [Xom's mischief]
 11508 | D:11     | Lost mutation: You are agile. (Dex +4, Str/Int -1) [Xom's
                  | mischief]
 11508 | D:11     | Gained mutation: You expend magic power (3 MP) to
                  | strengthen your wands. [Xom's mischief]
 11542 | D:11     | Found Bileleots's Antique Weapon Boutique.
 11547 | D:11     | Bought a steaming glaive for 437 gold pieces
 11547 | D:11     | Identified the +7 glaive of Arrival {speed, Dex+4} (You
                  | bought it in a shop on level 11 of the Dungeon)
 11668 | D:12     | Noticed a soul eater
 11944 | D:12     | Noticed a two-headed ogre
 11955 | D:12     | Killed a two-headed ogre
 11968 | D:12     | Noticed a two-headed ogre
 12121 | D:12     | XOM: give mutations
 12121 | D:12     | Lost mutation: You are strong-willed. (Will+) [Xom's
                  | mischief]
 12121 | D:12     | Lost mutation: Potions are less effective at restoring your
                  | health. [Xom's mischief]
 12121 | D:12     | Gained mutation: You possess an exceptional clarity of
                  | mind. [Xom's mischief]
 12121 | D:12     | Gained mutation: You have a moderately thin skeletal
                  | structure. (Dex +4, Stealth++) [Xom's mischief]
 12130 | D:12     | Received a gift from Okawaru
 12237 | D:12     | Identified the +6 dagger of Seonyreg {drain, Dex+3}
 12612 | D:12     | Killed a two-headed ogre
 12692 | D:12     | XOM: summons 3 hostile shadow creatures
 12693 | D:12     | Noticed a two-headed ogre
 13049 | D:13     | Noticed a vault guard
 13049 | D:13     | Noticed a vault guard
 13049 | D:13     | Noticed a vault guard
 13069 | D:13     | Killed a vault guard
 13070 | D:13     | Reached XP level 13. HP: 104/104 MP: 20/22
 13073 | D:13     | Killed a vault guard
 13077 | D:13     | Noticed a vault guard
 13088 | D:13     | Noticed a vault guard
 13090 | D:13     | Killed a vault guard
 13090 | D:13     | Noticed a vault guard
 13104 | D:13     | Killed a vault guard
 13113 | D:13     | Killed a vault guard
 13144 | D:13     | Noticed a vault guard
 13155 | D:13     | Killed a vault guard
 13155 | D:13     | Received a gift from Okawaru
 13197 | D:13     | Noticed a vault guard
 13198 | D:13     | Found a gate to the Vaults.
 13221 | D:13     | Killed a vault guard
 13292 | D:13     | Killed a vault guard
 13437 | D:13     | Found a gate leading to a gauntlet.
 13446 | Gauntlet | Entered a Gauntlet
 13446 | Gauntlet | Found a transporter.
 13446 | Gauntlet | Found a transporter.
 13452 | Gauntlet | Found a transporter.
 13454 | Gauntlet | Found a transporter.
 13466 | Gauntlet | Found a transporter.
 13466 | Gauntlet | Found a transporter.
 13503 | Gauntlet | Found a transporter.
 13507 | Gauntlet | Found a transporter.
 13517 | Gauntlet | Found a transporter.
 13520 | Gauntlet | Noticed an entropy weaver
 13538 | Gauntlet | Found a transporter.
 13545 | Gauntlet | Found a transporter.
 13547 | Gauntlet | Found a transporter.
 13798 | Gauntlet | XOM: noise
 13999 | Gauntlet | Identified the +0 cloak of Fibbu {Regen+ rCorr}
 14101 | Gauntlet | XOM: give mutations
 14101 | Gauntlet | Gained mutation: You have sharp toenails. [Xom's mischief]
 14101 | Gauntlet | Lost mutation: Your skin changes colour to match your
                  | surroundings (Stealth+). [Xom's mischief]
 14138 | Gauntlet | Noticed a minotaur
 14154 | Gauntlet | Killed a minotaur
 14454 | D:13     | Reached skill level 10 in Armour
 14801 | D:13     | Received a gift from Okawaru
 15132 | D:13     | XOM: summons 4 hostile shadow creatures
 15205 | D:13     | XOM: summons 6 hostile demons
 15277 | D:13     | Slain by a lindwurm

Illustrated notes

Levels and vault maps discovered:
D:1:      dpeg_arrival_windows_large_door, layout_rooms, serial_shops,
          nicolae_shop_hallway_plus, hangedman_decor_growths
D:2:      layout_loops_cross, st_stairs_9, minmay_misc_feat_chi, uniq_jessica,
          uniq_terence
D:3:      layout_basic, nicolae_overflow_ecumenical_swirl,
          nicolae_wu_jian_glorious_leap, shapermc_ecumenical_altar_ellora,
          uniq_grinder, uniq_ijyb
D:4:      layout_gridville, lemuel_tele_altar,
          mainiacjoe_ossuary_entry_find_the_door, grunt_ministairs_12,
          dk_noncrumbling_4, minmay_ruptured
D:5:      minmay_bubble_buster, layout_loops_ring, vehumet_crystals,
          gammafunk_temple_overflow_pools, uniq_edmund, uniq_crazy_yiuf_cottage
D:6:      layout_layer_cave, gammafunk_ghost_nasty_kobolds, portal_sewer_entry_f
D:7:      layout_cave_pools, minmay_temple_entry_waves, gammafunk_ghost_smash,
          serial_shops, nicolae_shop_pleasant_corner_grove,
          kennysheep_generic_room_7, uniq_duvessa
D:8:      layout_gridville, serial_shops, nicolae_shop_tiny_real_fake_doors,
          special_room [special_room_orc], minmay_increasing_density
D:9:      layout_roguey, uniq_pikel, uniq_erolcha
D:10:     layout_irregular_city, serial_column_ruins, column_ruins_grid_1,
          column_ruins_corridor_corner, column_ruins_open_small_water,
          column_ruins_open_large, column_ruins_grid_1,
          column_ruins_columns_straight, hangedman_weighted_door,
          nicolae_fountain_basement, uniq_amaemon
D:11:     layout_loops_corners, dpeg_oklobed_lair, erik_orc_1, serial_shops,
          nicolae_shop_hallway_plus, lemuel_zombie_altar_yredelemnul
D:12:     layout_irregular_city, lightli_fourway_metalbox
D:13:     layout_basic, erik_vaults_2, gauntlet_entry_generic,
          serial_park_tiny_2, minmay_lindwurm_lava

Skill      XL: |  1  2  3  4  5  6  7  8  9 10 11 12 13 |
---------------+----------------------------------------+-----
Invocations    | 1 2 3 4 5 6 7 8 9 |  9.8
Short Blades   | 1 2 3 5 6 7 8 9 |  9.0
Axes           | 1 2 3 5 6 7 8 9 |  9.0
Maces & Flails | 1 2 3 5 6 7 8 9 |  9.0
Polearms       | 1 2 3 5 6 7 8 9 |  9.0
Staves         | 1 2 3 5 6 7 8 9 |  9.0
Ranged Weapons | 1 2 3 5 6 7 8 9 |  9.0
Throwing       | 1 2 3 5 6 7 8 9 |  9.0
Stealth        | 1 2 3 5 6 7 8 9 |  9.0
Shields        | 1 2 3 5 6 7 8 9 |  9.0
Unarmed Combat | 1 2 3 5 6 7 8 9 |  9.0
Spellcasting   | 1 2 3 5 6 7 8 9 |  9.0
Evocations     | 1 2 3 5 6 7 8 9 |  9.0
Shapeshifting  | 1 2 3 4 5 6 7 8 |  8.2
Conjurations   | 1 2 3 4 5 6 7 |  7.5
Hexes          | 1 2 3 4 5 6 7 |  7.5
Summonings     | 1 2 3 4 5 6 7 |  7.5
Necromancy     | 1 2 3 4 5 6 7 |  7.5
Translocations | 1 2 3 4 5 6 7 |  7.5
Fire Magic     | 1 2 3 4 5 6 7 |  7.5
Ice Magic      | 1 2 3 4 5 6 7 |  7.5
Air Magic      | 1 2 3 4 5 6 7 |  7.5
Earth Magic    | 1 2 3 4 5 6 7 |  7.5
Alchemy        | 1 2 3 4 5 6 7 |  7.5
Dodging        | 3 4 5 6 7 8 9 |  9.4
Armour         | 5 6 7 8 9 10 | 10.1
Fighting       | 7 8 9 10 11 | 11.1
Long Blades    | 7 8 9 10 11 | 11.1

Action                     |  1- 3 |  4- 6 |  7- 9 | 10-12 | 13-15 || total
---------------------------+-------+-------+-------+-------+-------++-------
  Melee: Falchion          |    50 |       |       |       |       ||    50
         Bite              |     2 |     6 |    23 |    69 |    32 ||   132
         Spear             |     3 |    85 |   249 |   110 |    70 ||   517
         Great sword       |       |       |       |   339 |       ||   339
         Glaive            |       |       |       |   135 |   169 ||   304
         Kick              |       |       |       |       |    39 ||    39
   Fire: Orcbow            |       |       |       |       |    19 ||    19
  Throw: Stone             |     6 |     2 |    18 |    17 |       ||    43
         Boomerang         |       |       |       |     2 |       ||     2
         Dart              |       |       |       |    13 |    22 ||    35
 Invoke: Heroism           |       |       |       |    11 |     4 ||    15
    Use: Scroll            |       |     5 |    12 |    13 |     1 ||    31
         Potion            |       |       |       |     1 |     3 ||     4
   Stab: Paralysed         |     1 |       |       |       |       ||     1
         Sleeping          |       |     1 |       |     9 |       ||    10
         Distracted        |       |       |     1 |       |       ||     1
         Confused          |       |       |     1 |     1 |       ||     2
 Armour: Skin              |     2 |       |       |       |       ||     2
         Chain mail        |    28 |    33 |   125 |   362 |       ||   548
         Scale mail        |     1 |       |       |       |       ||     1
         Plate armour      |       |       |       |    16 |    49 ||    65
         Gold dragon scale |       |       |       |       |   214 ||   214
  Dodge: Dodged            |    13 |    11 |    80 |   195 |    57 ||   356
  Block: Other             |       |     4 |    28 |   134 |    46 ||   212
         Reflection        |       |       |     2 |    13 |    12 ||    27
   Form: Beast             |       |     1 |       |       |       ||     1
                           |       |       |       |       |     1 ||     1

Table legend: (Time is in decaauts)
 A = Elapsed time spent in this place.
 B = Non-inter-level travel time spent in this place.
 C = Inter-level travel time spent in this place.
 D = Time resting spent in this place.
 E = Time spent auto-exploring this place.
 F = Levels seen in this place.
 G = Mean time per level.
                   A        B        C        D        E       F      G
               +--------+--------+--------+--------+--------+-----+--------+
         Total |  15642 |  15324 |    318 |   3009 |   8398 |  15 | 1042.8 |
       Dungeon |  14658 |  14340 |    318 |   2565 |   8351 |  13 | 1127.5 |
       Ossuary |    277 |    277 |      0 |     76 |     47 |   1 |  277.0 |
      Gauntlet |    705 |    705 |      0 |    367 |      0 |   1 |  705.0 |
               +--------+--------+--------+--------+--------+-----+--------+

Top non-repeatable levels by time:
     D:5: 1706 daAuts
     D:8: 1632 daAuts
    D:13: 1483 daAuts
     D:6: 1475 daAuts
    D:12: 1361 daAuts
     D:9: 1150 daAuts
    D:11: 1053 daAuts
    D:10: 1007 daAuts
     D:7: 941 daAuts
     D:3: 885 daAuts
     D:2: 777 daAuts
Gauntlet: 705 daAuts
     D:4: 683 daAuts
     D:1: 500 daAuts
 Ossuary: 277 daAuts
